Map: Dusty Gorge

Players

Nephalem

  • Race: Terran Terran
  • Spawn Location: 11:00

JinCnK

  • Race: Protoss Protoss
  • Spawn Location: 9:00

sohot - Winner!

  • Race: Terran Terran
  • Spawn Location: 3:00

PureLegacy - Winner!

  • Race: Terran Terran
  • Spawn Location: 5:00

VOD

Have the link to the VOD?

Description

Time

  • Played on: Dec. 4, 2018, 8:29 p.m.
  • Length: 8:09
Show
View Real Time Build Order
Export as new Build Order

Nephalem Terran 

Build Orders:  

Get SALT Encoding   

  12  0:01  SCV  
  13  0:14  SCV  
  14  0:19  Supply Depot  
  14  0:29  SCV  
  15  0:41  SCV  
  16  0:46  Barracks  
  16  0:54  SCV  
  17  1:06  SCV  
  17  1:09  Refinery  
  18  1:18  SCV  
  19  1:20  Refinery  
  19  1:30  SCV  
  20  1:34  Supply Depot  
  20  1:40  Bunker  
  20  1:41  Marine  
  21  1:47  SCV  
  22  1:59  Marine, SCV  
  24  2:04  Barracks  
  24  2:11  SCV  
  25  2:17  Marine  
  26  2:25  SCV  
  27  2:35  Marine  
  28  2:47  Command Center  
  28  2:52  Marine  
  26  3:31  Marine  
  26  3:34  Barracks Reactor  
  26  3:39  Refinery  
  26  3:41  SCV  
  27  3:49  Marine  
  27  3:53  SCV  
  29  4:06  Marine, SCV  
  31  4:18  SCV  
  31  4:19  Bunker  
  32  4:24  Marine  
  32  4:30  SCV  
  31  4:42  Marine  
  9  4:58  Marine x2  
  11  5:04  Orbital Command  
  11  5:06  Marine  
  7  5:23  Marine  
  8  5:38  Marine  
  8  5:39  Marine  
  10  5:56  Marine  
  11  6:06  SCV  
  11  6:09  SCV  
  12  6:44  Marine x2  
  14  6:47  Orbital Command  
  14  6:50  SCV  
  15  6:56  Marine  
  15  6:57  Factory  
  16  7:02  Marine, SCV  
  18  7:14  Marine, SCV  
  20  7:18  SCV  
  21  7:24  Marine  
  21  7:26  SCV  
  23  7:30  SCV  
  23  7:32  Marine  
  25  7:38  SCV  
  25  7:48  Factory Tech Lab  
Show
View Real Time Build Order
Export as new Build Order

JinCnK Protoss 

Build Orders:  

Get SALT Encoding   

  12  0:02  Probe  
  13  0:15  Probe  
  14  0:27  Probe  
  15  0:32  Pylon  
  15  0:50  Probe  
  15  0:56  Assimilator  
  16  0:59  Probe  
  16  1:02  Gateway  
  17  1:07  Probe  
  17  1:10  Assimilator  
  17  1:16  Probe  
  19  1:28  Probe  
  20  1:38  Forge  
  20  1:40  Probe  
  20  1:46  Pylon  
  21  1:53  Probe  
  22  1:59  Cybernetics Core  
  22  2:04  Zealot  
  24  2:09  Probe  
  24  2:15  Photon Cannon  
  25  2:25  Probe  
  25  2:27  Stalker  
  27  2:37  Warp Gate  
  27  2:55  Gateway, Probe  
  26  2:58  Stalker  
  26  3:18  Probe  
  27  3:20  Pylon  
  27  3:21  Stalker  
  27  3:30  Probe  
  28  3:41  Photon Cannon  
  28  3:45  Photon Cannon, Stalker  
  30  4:52  Nexus  
  30  4:57  Pylon  
  30  4:58  Pylon  
  26  5:00  Pylon  
  26  5:17  Pylon  
  26  5:18  Stalker x2  
  26  6:34  Stalker  
  26  6:35  Stalker  
  30  6:42  Pylon  
  30  7:06  Stalker x2  
  34  7:11  Gateway  
  34  7:16  Photon Cannon  
  34  7:29  Photon Cannon  
  34  7:37  Photon Cannon  
  26  7:56  Gateway  
  26  8:01  Stalker  
Show
View Real Time Build Order
Export as new Build Order

sohot Terran - Winner!

Build Orders:  

Get SALT Encoding   

  12  4:12  SCV  
  12  4:13  Refinery  
  12  4:14  Refinery  
  12  4:15  Supply Depot  
  13  4:24  SCV  
  14  4:37  SCV  
  15  4:49  SCV  
  16  5:01  SCV  
  17  5:13  SCV  
  18  5:25  SCV  
  19  5:37  SCV  
  20  5:49  SCV  
  21  6:01  SCV  
Show
View Real Time Build Order
Export as new Build Order

PureLegacy Terran - Winner!

Build Orders:  

Get SALT Encoding   

  12  0:01  SCV  
  13  0:13  SCV  
  14  0:20  Supply Depot  
  14  0:25  SCV  
  15  0:30  Refinery  
  15  0:41  SCV  
  16  0:46  Barracks  
  16  0:54  SCV  
  17  1:05  Barracks  
  17  1:17  Barracks  
  17  1:21  SCV  
  18  1:33  Reaper  
  19  1:41  Orbital Command  
  19  1:47  Refinery  
  19  1:52  Reaper  
  20  2:02  Supply Depot  
  20  2:05  Reaper  
  21  2:10  Reaper  
  21  2:14  SCV  
  23  2:25  Reaper  
  24  2:38  Reaper  
  24  2:41  SCV  
  24  2:42  Supply Depot  
  24  2:43  Reaper  
  27  2:57  Reaper  
  28  2:59  SCV  
  28  3:24  Reaper  
  28  3:25  Reaper  
  30  3:27  Command Center  
  30  3:32  SCV  
  31  3:46  Barracks  
  31  3:47  Barracks  
  32  3:54  SCV  
  33  4:06  SCV  
  33  4:07  Supply Depot, Barracks x2  
  33  4:08  Barracks, Barracks Tech Lab, Barracks Reactor x2, Supply Depot  
  33  4:09  Barracks  
  33  4:14  Factory  
  33  4:21  SCV  
  34  4:38  Barracks Reactor x2  
  34  4:45  Marine  
  34  4:46  Marine x3  
  34  4:50  Orbital Command  
  34  4:51  SCV  
  38  5:07  Starport  
  38  5:12  Starport x2  
  38  5:16  Starport  
  38  5:17  SCV x2  
  38  5:18  Refinery  
  38  5:19  Refinery  
  40  5:29  SCV x2  
  40  5:33  Marine  
  40  5:34  Marine x6  
  47  5:41  SCV x2  
  47  5:42  Supply Depot  
  47  5:51  Marine x3  
  47  5:52  Marine x6  
  47  5:56  Viking x5  
  47  5:57  Viking  
  68  6:04  Supply Depot  
  68  6:05  Supply Depot  
  68  6:08  Marine  
  68  6:09  Marine  
  70  6:26  Viking x4  
  70  6:29  Viking x2  
  78  6:47  Supply Depot  
  78  6:48  Supply Depot  
  78  6:56  Viking x4  
  78  6:59  Viking  
  88  7:01  Viking  
  90  7:09  Supply Depot x2  
  90  7:12  Supply Depot  
  90  7:21  SCV x2  
  92  7:26  Viking x3  
  98  7:31  Marine x9  
  98  7:32  Viking x3  
  108  7:48  Marine  
  108  7:49  Marine  
Tags
 
Add a new tag
Caveats
  • Supply blocks, unpowered buildings, or Contaminate may cause inaccurate times.
  • Supply counts are checked every 10 seconds.